 Dungeon Crawl Stone Soup version 0.23-a0-182-g58cdd98 (webtiles) character file.

276 Felrender the Ducker (level 6, 0/46 HPs)
             Began as a Demonspawn Gladiator on Sept 20, 2018.
             Was a Follower of Ashenzari.
             Slain by a ball python (1 damage)
             ... in a sewer.
             The game lasted 00:09:27 (3066 turns).

Felrender the Ducker (Demonspawn Gladiator)         Turns: 3066, Time: 00:09:27

Health: 0/46       AC:  6    Str: 17    XL:     6   Next: 4%
Magic:  6/6        EV: 11    Int:  9    God:    Ashenzari [*.....]
Gold:   102        SH:  0    Dex: 14    Spells: 5/5 levels left

rFire    + . .     SeeInvis .   e - +0 spear
rCold    . . .     Gourm    +   (no shield)
rNeg     . . .     Faith    .   l - +0 ring mail
rPois    .         Spirit   .   c - +0 helmet
rElec    .         Reflect  .   (no cloak)
rCorr    .         Harm     .   (no gloves)
MR       .....                  (no boots)
Stlth    ..........             p - amulet of the gourmand
HPRegen  0.15/turn              j - ring of protection from fire
MPRegen  0.10/turn              i - ring of attention (curse)

@: lethally poisoned (0 -> -1), constricted
A: repulsion field 1, rot immunity
a: Curse Item, Scrying, Renounce Religion


You were in a sewer.
You worshipped Ashenzari.
Ashenzari was aware of your devotion.
You were full.

You visited 1 branch of the dungeon, and saw 3 of its levels.
You also visited: Sewer.

You collected 102 gold pieces.

Inventory:

Hand Weapons
 a - a +0 quarterstaff
 e - a +0 spear (weapon)
Missiles
 d - 3 throwing nets (quivered)
Armour
 c - a +0 helmet (worn)
 l - a +0 ring mail (worn)
Jewellery
 i - a cursed ring of attention (right hand)
 j - a ring of protection from fire (left hand)
 p - an amulet of the gourmand (around neck)
Scrolls
 b - a scroll of teleportation
 g - 3 scrolls of remove curse
 m - 2 scrolls of blinking
Comestibles
 f - 2 rations


   Skills:
 * Level 2.9 Fighting
 + Level 2.1(2.9) Polearms
 - Level 3.0(3.3) Staves
 - Level 2.0 Throwing
 * Level 2.6 Armour
 + Level 3.3 Dodging
 + Level 0.3 Stealth
 * Level 1.9 Unarmed Combat


You had 5 spell levels left.
You didn't know any spells.
Your spell library was empty.

Dungeon Overview and Level Annotations

Branches:
Dungeon (3/15)

Altars:
Ashenzari


Innate Abilities, Weirdness & Mutations

You are surrounded by a mild repulsion field. (EV +2)
You are immune to rotting.


Message History

You closely miss the adder.
The adder is moderately wounded.
The adder bites you but does no damage.
You miss the adder.
The adder is moderately wounded.
The adder barely misses you.
You hit the adder.
The adder is almost dead.
The adder barely misses you.
The ball python bites you but does no damage.
The ball python misses you.
You miss the adder.
The adder is almost dead.
* * * LOW HITPOINT WARNING * * *
You feel sick. The adder misses you. The ball python closely misses you.
The ball python grabs you. The ball python constricts you.
You closely miss the adder.
The adder is almost dead.
The adder misses you. The ball python bites you.
You die...

≈≈≈≈ ≈≈≈≈
≈≈≈≈≈
≈≈≈≈.
≈≈≈≈≈.
≈≈≈≈≈≈#
≈≈≈≈≈≈S##
≈≈≈≈≈≈S@#
≈≈≈≈≈≈≈∩#
≈≈≈≈≈≈.##
≈≈≈≈≈≈#
≈≈≈≈≈≈
≈≈≈≈≈≈
≈≈≈≈≈
≈≈≈≈≈


You could see an adder and a ball python.

Vanquished Creatures
  A bullfrog (D:2)
  2 orc priests (D:3)
  Natasha (thrice) (D:2)
  An adder (D:3)
  3 dart slugs
  A leopard gecko (D:1)
  4 orcs (D:3)
  A ball python (D:2)
  8 goblins
  6 hobgoblins
  7 jackals
  A quokka (D:3)
  6 bats
  4 frilled lizards
  4 kobolds
  12 rats
64 creatures vanquished.

Vanquished Creatures (others)
  A bat (D:3)
1 creature vanquished.

Grand Total: 65 creatures vanquished

Notes
Turn   | Place    | Note
-------+----------+-------------------------------------------
     0 | D:1      | Felrender the Demonspawn Gladiator began the quest for the
                  | Orb.
     0 | D:1      | Reached XP level 1. HP: 16/16 MP: 1/1
   467 | D:1      | Gained mutation: You are immune to rotting. [demonic
                  | ancestry]
   467 | D:1      | Reached XP level 2. HP: 14/22 MP: 2/2
  1637 | D:2      | Gained mutation: You are surrounded by a mild repulsion
                  | field. (EV +2) [demonic ancestry]
  1637 | D:2      | Reached XP level 3. HP: 26/27 MP: 3/3
  1783 | D:2      | Noticed a bullfrog
  1795 | D:2      | Killed a bullfrog
  1795 | D:2      | Reached skill level 1 in Armour
  1795 | D:2      | Reached XP level 4. HP: 17/34 MP: 4/4
  2191 | D:2      | Noticed Natasha
  2209 | D:2      | Killed Natasha
  2209 | D:2      | Reached skill level 1 in Unarmed Combat
  2346 | D:2      | Noticed Natasha
  2361 | D:2      | Killed Natasha
  2361 | D:2      | Reached skill level 1 in Polearms
  2361 | D:2      | Reached XP level 5. HP: 27/40 MP: 5/5
  2539 | D:2      | Noticed Natasha
  2564 | D:2      | Killed Natasha
  2892 | D:3      | Found a faded altar of an unknown god.
  2915 | D:3      | Became a worshipper of Ashenzari the Shackled
  2915 | D:3      | Reached * piety under Ashenzari
  2954 | D:3      | HP: 2/40 [orc/hand axe (4)]
  2993 | D:3      | Reached XP level 6. HP: 7/46 MP: 6/6
  3039 | D:3      | Found a glowing drain.
  3055 | Sewer    | Entered a sewer
  3061 | Sewer    | HP: 1/46 [adder (4)]
  3066 | Sewer    | Slain by a ball python

Vault maps used:
D:1:      evilmike_arrival_plus
D:2:      first_ration, kennysheep_generic_room_8, uniq_natasha
D:3:      lemuel_coloured_pillars_altar, portal_sewer_entry_d,
          chequers_ecumenical_altar_island
Sewer:    sewer_co_purgy_island

Skill      XL: |  1  2  3  4  5 |
---------------+----------------+-----
Throwing       | 2 |  2.0
Dodging        | 3 |  3.3
Staves         | 3 |  3.0
Armour         | 1 2 |  2.6
Unarmed Combat | 1 |  1.9
Polearms       | 1 2 |  2.1
Fighting       | |  2.9
Stealth        | |  0.3

Action                   |  1- 3 |  4- 6 || total
-------------------------+-------+-------++-------
Melee: Quarterstaff      |    51 |       ||    51
       Spear             |    29 |   187 ||   216
  Use: Scroll            |     6 |     1 ||     7
       Potion            |       |     5 ||     5
  Eat: Ration            |     1 |     2 ||     3
       Chunk             |       |     2 ||     2
Armor: Leather armour    |    21 |       ||    21
       Ring mail         |     4 |    75 ||    79
Dodge: Dodged            |    51 |   198 ||   249

Table legend:
 A = Non-vault XP
 B = Vault XP
 C = Vault XP percentage of total XP
 D = Non-vault monster count
 E = Vault monster count
 F = Vault count percentage of total count
                 A         B        C        D         E       F
            +---------+---------+-------+---------+---------+-------
      Total |     342 |      53 |  13.4 |      60 |       4 |   6.2
            +---------+---------+-------+---------+---------+-------
        D:1 |      38 |       0 |   0.0 |      22 |       0 |   0.0
        D:2 |     187 |      40 |  17.6 |      18 |       3 |  14.3
        D:3 |     117 |      13 |  10.0 |      20 |       1 |   4.8
            +---------+---------+-------+---------+---------+-------
